 Dungeon Crawl Stone Soup version 0.29-a0-352-g0917bc69df (webtiles) character file.

Game seed: 18184977121482281905

25998 spaghetti the Carver (level 13, 0/156 HPs)
             Began as a Gnoll Berserker on Apr 24, 2022.
             Was a High Priest of Trog.
             Succumbed to an orange demon's poison
             ... on level 2 of the Orcish Mines.
             The game lasted 00:23:20 (15084 turns).

spaghetti the Carver (Gnoll Berserker)             Turns: 15084, Time: 00:23:21

Health: 0/156      AC: 45    Str: 24    XL:     13   Next: 23%
Magic:  8/8        EV: 15    Int:  6    God:    Trog [*****.]
Gold:   159        SH:  0    Dex: 13    Spells: 28/28 levels left

rFire   x . .      SeeInvis +   b - +8 Wrath of Trog {antimagic, *Rage Rampage}
rCold   + + .      Faith    .   (shield currently unavailable)
rNeg    + . .      Spirit   .   S - +33 Cigotuvi's embrace {rMiasma Drain rN+}
rPois   .          Reflect  .   (no helmet)
rElec   .          Harm     .   o - +0 cloak
rCorr   .          Rampage  +   (no gloves)
Will    .....      Rage     50% J - +1 pair of boots of the Endless Expanse {rF- rC++ Str+3 SInv}
Stlth   ..........              g - amulet of the acrobat
HPRegen 0.36/turn               I - +4 ring of slaying
MPRegen 0.11/turn               Q - +4 ring of protection

@: berserking, lethally poisoned (0 -> -9), very quick
A: fangs 1, strong nose, distributed training
a: Renounce Religion, Berserk, Trog's Hand, Brothers in Arms


You were on level 2 of the Orcish Mines.
You worshipped Trog.
Trog was extremely pleased with you.
You visited 2 branches of the dungeon, and saw 13 of its levels.
You also visited: Bailey.

You collected 810 gold pieces.
You spent 651 gold pieces at shops.


Innate Abilities, Weirdness & Mutations

You have very sharp teeth.
Your uncanny sense of smell can sniff out nearby items.
Your experience applies equally to all skills.


   Skills:
 + Level 10.4 Fighting
 + Level 8.1 Short Blades
 + Level 10.4 Long Blades
 + Level 8.1 Axes
 + Level 8.1 Maces & Flails
 + Level 8.1 Polearms
 + Level 8.1 Staves
 + Level 8.1 Slings
 + Level 8.1 Bows
 + Level 8.1 Crossbows
 + Level 8.1 Throwing
 + Level 9.4 Armour
 + Level 9.4 Dodging
 + Level 8.1 Stealth
 + Level 8.1 Shields
 + Level 8.1 Unarmed Combat
 + Level 8.1 Spellcasting
 + Level 6.7 Conjurations
 + Level 6.7 Hexes
 + Level 6.7 Summonings
 + Level 6.7 Necromancy
 + Level 6.7 Translocations
 + Level 6.7 Transmutations
 + Level 6.7 Fire Magic
 + Level 6.7 Ice Magic
 + Level 6.7 Air Magic
 + Level 6.7 Earth Magic
 + Level 6.7 Poison Magic
 + Level 8.9 Invocations
 + Level 8.1 Evocations


You had 28 spell levels left.
You didn't know any spells.
Your spell library contained the following spells:

 Spells                   Type           Power      Damage    Failure   Level
 Magic Dart               Conj           40%        1d5       1%          1
 Summon Small Mammal      Summ           40%        N/A       1%          1
 Call Imp                 Summ           10%        N/A       2%          2
 Call Canine Familiar     Summ           10%        N/A       4%          3
 Mephitic Cloud           Conj/Pois/Air  10%        N/A       4%          3
 Summon Guardian Golem    Hex/Summ       10%        N/A       4%          3

Inventory:

Hand Weapons
 a - the +4 arbalest of the Shouting Gods {elec, rPois MP-9 Stlth+, crossbow}
   (You bought it in a shop on level 8 of the Dungeon)

   Any ammunition fired from it occasionally discharges a powerful burst of
   electricity upon striking a foe.
   rPois:     It protects you from poison.
   MP:        It affects your magic capacity (-9).
   Stlth:     It makes you more stealthy.
 b - the +8 Wrath of Trog (weapon) {antimagic, *Rage Rampage}
   (You found it in a bailey)

   It reduces the magical energy of the wielder, and disrupts the spells and
   magical abilities of those it strikes.
   Natural abilities and divine invocations are not affected.
   It causes slowness and exhaustion when equipped.
   It extends the wielder's berserk rage when killing foes.
   *Rage:     It berserks you when you make melee attacks (+50% chance).
   Rampage:   It bestows one free step when moving towards enemies.
 D - the +8 falchion of Watur {venom, SInv, long}
   (You found it on level 8 of the Dungeon)

   It poisons the flesh of those it strikes.
   SInv:      It lets you see invisible.
 F - the +1 scythe of Laegom {venom, Str+5 Stlth+, polearm}
   (You found it in a bailey)

   It poisons the flesh of those it strikes.
   Str:       It affects your strength (+5).
   Stlth:     It makes you more stealthy.
Missiles
 d - 310 stones (quivered) {throwing}
 h - 50 poisoned darts {throwing}
 n - a throwing net {=f!fthrowing}
 q - 25 javelins {throwing}
 A - a curare-tipped dart {=fthrowing}
 O - 10 boomerangs {throwing}
Armour
 o - a +0 cloak (worn)
   (You found it on level 2 of the Dungeon)
 s - the +1 ring mail "Roakeag" {Dex+3}
   (You found it on level 3 of the Dungeon)

   Dex:       It affects your dexterity (+3).
 J - the +1 pair of boots of the Endless Expanse (worn) {rF- rC++ Str+3 SInv}
   (You found it on level 6 of the Dungeon)

   Str:       It affects your strength (+3).
   rF:        It makes you vulnerable to fire.
   rC:        It greatly protects you from cold.
   SInv:      It lets you see invisible.
 S - the +33 Cigotuvi's embrace (worn) {rMiasma Drain rN+}
   (You bought it in a shop on level 8 of the Dungeon)

   It gathers nearby corpses to temporarily increase the armour it provides.
   It protects you from foul pestilence.
   rN:        It protects you from negative energy.
   Drain:     It drains your maximum health when unequipped.
 V - a +0 kite shield
   (You took it off a kobold on level 8 of the Dungeon)
 W - a +0 animal skin
Magical Staves
 P - a staff of air {forbidden!astaff}
   (You found it on level 11 of the Dungeon)
Jewellery
 g - an amulet of the acrobat (around neck)
   (You found it on level 9 of the Dungeon)
 l - a ring of protection from fire
   (You found it on level 1 of the Dungeon)
 I - a +4 ring of slaying (left hand)
   (You found it on level 6 of the Dungeon)
 Q - a +4 ring of protection (right hand)
   (You found it on level 7 of the Dungeon)
Wands
 f - a wand of polymorph (5)
   (You found it on level 11 of the Dungeon)
 v - a wand of paralysis (15)
   (You took it off an orc priest on level 4 of the Dungeon)
 G - a wand of flame (69)
   (You found it on level 6 of the Dungeon)
 L - a wand of iceblast (14)
   (You found it on level 6 of the Dungeon)
Scrolls
 c - 3 scrolls of magic mapping {!r}
 j - 2 scrolls of holy word
 k - 7 scrolls of teleportation {@r4}
 m - 2 scrolls of fear
 p - 3 scrolls of torment {!r}
 r - a scroll of vulnerability {!r!r}
 x - 3 scrolls of immolation {unknown}
 y - 3 scrolls of enchant armour {unknown}
 C - 4 scrolls of enchant weapon
 E - a scroll of noise {unknown}
 M - 2 scrolls of blinking {unknown}
 N - a scroll of fog {unknown}
 R - a scroll of brand weapon {unknown}
Potions
 e - 3 potions of heal wounds {unknown}
 i - 5 potions of curing {@q1}
 t - 2 potions of cancellation {unknown}
 u - 2 potions of mutation {unknown}
 w - 2 potions of degeneration {unknown}
 z - a potion of resistance {unknown}
 B - a potion of magic {unknown}
 H - 3 potions of flight {unknown}
 K - a potion of lignification {unknown}
 T - a potion of berserk rage {unknown}

Dungeon Overview and Level Annotations

Branches:
Dungeon (11/15)            Temple (0/1) D:4            Lair (0/6) D:11
    Orc (2/2) D:11            Elf (0/3) Orc:2        Bailey (visited)

Altars:
Dithmenos
Gozag
Hepliaklqana
Sif Muna

Shops:
D:8 [!=(*   D:11 [

Annotations:
D:10 1 runed translucent door

#$....................
.....................#
...$...............#
##.....#....))))...#
.#......#)....)<#....
........)).))).).......
.#......))).....<......
........)))...........#
......)@4...........$.#
<#....ยงo...#...........
.....4..........>......
.......................
#...######...........
.... #...... ... #....
## ...


You could see an orc high priest, an orange demon (summoned) and a hellwing
(summoned).


Message History

Your shell of carrion and bone grows thicker.
The orc high priest hits you but does no damage.
You carve the orc high priest like a ham!!!
You slash the orc priest!
You hear a shout!
An orc high priest comes into view. It is wielding a +0 short sword.
The orc priest misses you.
An orc priest comes into view. It is wielding a +0 dagger.
The orc high priest closely misses you. ๐Ÿ˜จ HP[+1]
The orc high priest shouts!
You slash the orc high priest! You closely miss the orc priest.
The orc high priest prays to Beogh.
The orc priest looks satisfied for a moment.
The orc priest misses you.
The orc high priest invokes the aid of Beogh against you.
Beogh smites you!
* * * LOW HITPOINT WARNING * * *
๐Ÿ˜ฑ HP[-12]
You take 12 damage, and now have 28/156 hp.
Unknown command.
Unknown command.
You slice the orc high priest!!
You feel the power of Trog in you as your rage grows.
You kill the orc high priest!
Trog accepts your kill.
You slash the orc high priest! You slash the orc priest!
You feel the ancient rage of your axe.
You kill the orc priest!
Trog accepts your kill.
The orc high priest calls down the wrath of Beogh upon you.
You resist with significant effort.
You slash the orc high priest!
You bite the orc high priest! ๐Ÿ˜ฑ HP[+1]
You closely miss the orc high priest.
The orc high priest utters an invocation to Beogh.
You carve the orc high priest like a ham!!!
You feel the ancient rage of your axe.
You kill the orc high priest!
Trog accepts your kill.
Your shell of carrion and bone grows thicker.
The orc priest calls down the wrath of Beogh upon you.
Beogh smites you!
* * * LOW HITPOINT WARNING * * *
๐Ÿ˜ฑ HP[-15]
You take 15 damage, and now have 14/156 hp.
You rampage towards the orc priest!
You carve the orc priest like a ham!!!
You feel the power of Trog in you as your rage grows.
You kill the orc priest!
Trog accepts your kill.
The orange demon stings you but does no damage. ๐Ÿ˜ฑ HP[+1]
You rampage towards the orange demon!
Found a stone staircase leading up.
You slice the orange demon!! You slice the orc priest!!
You feel the ancient rage of your axe.
You kill the orc priest!
Trog accepts your kill.
The orc high priest prays.
The orange demon barely misses you. The orange demon hits you.
* * * LOW HITPOINT WARNING * * *
๐Ÿ˜ฑ HP[-3]
You take 3 damage, and now have 12/156 hp.
You slice the orc high priest!! You slash the orange demon!
The orange demon misses you.
The hellwing swoops through the air toward you!
The hellwing barely misses you. The hellwing misses you.
The orc high priest hits you but does no damage.
The orange demon stings you.
* * * LOW HITPOINT WARNING * * *
You are lethally poisoned!
The orange demon poisons you!
The orange demon hits you but does no damage. ๐Ÿ˜ฑ HP[-4]
You take 4 damage, and now have 8/156 hp.
Unknown command.
You slash the orc high priest! You hit the hellwing.
You completely miss the orange demon.
* * * LOW HITPOINT WARNING * * *
You feel very sick. The hellwing closely misses you.
The hellwing hits you but does no damage.
The orange demon stings you but does no damage.
The orc high priest hits you but does no damage.
The orange demon barely misses you. x2 ๐Ÿ˜ฑ HP[-3]
You take 3 damage, and now have 5/156 hp.
You barely miss the orc high priest. You slice the orange demon!!
You feel the ancient rage of your axe.
You kill the orange demon!
The orange demon disappears in a puff of smoke!
You barely miss the hellwing.
A chunk of your corpse armour falls away.
* * * LOW HITPOINT WARNING * * *
You feel sick. The hellwing closely misses you. x2
The orange demon stings you but does no damage.
The orc high priest hits you but does no damage. ๐Ÿ˜ฑ HP[-2]
You take 2 damage, and now have 3/156 hp.
You barely miss the orc high priest. You closely miss the hellwing.
You die...

Skill      XL: |  1  2  3  4  5  6  7  8  9 10 11 12 13 |
---------------+----------------------------------------+-----
Invocations    | 1 2 3 4 5 6 7 8 |  8.9
Short Blades   | 1 2 3 4 5 6 7 8 |  8.1
Axes           | 1 2 3 4 5 6 7 8 |  8.1
Maces & Flails | 1 2 3 4 5 6 7 8 |  8.1
Polearms       | 1 2 3 4 5 6 7 8 |  8.1
Staves         | 1 2 3 4 5 6 7 8 |  8.1
Slings         | 1 2 3 4 5 6 7 8 |  8.1
Bows           | 1 2 3 4 5 6 7 8 |  8.1
Crossbows      | 1 2 3 4 5 6 7 8 |  8.1
Throwing       | 1 2 3 4 5 6 7 8 |  8.1
Stealth        | 1 2 3 4 5 6 7 8 |  8.1
Shields        | 1 2 3 4 5 6 7 8 |  8.1
Unarmed Combat | 1 2 3 4 5 6 7 8 |  8.1
Spellcasting   | 1 2 3 4 5 6 7 8 |  8.1
Evocations     | 1 2 3 4 5 6 7 8 |  8.1
Conjurations   | 1 2 3 4 5 6 |  6.7
Hexes          | 1 2 3 4 5 6 |  6.7
Summonings     | 1 2 3 4 5 6 |  6.7
Necromancy     | 1 2 3 4 5 6 |  6.7
Translocations | 1 2 3 4 5 6 |  6.7
Transmutations | 1 2 3 4 5 6 |  6.7
Fire Magic     | 1 2 3 4 5 6 |  6.7
Ice Magic      | 1 2 3 4 5 6 |  6.7
Air Magic      | 1 2 3 4 5 6 |  6.7
Earth Magic    | 1 2 3 4 5 6 |  6.7
Poison Magic   | 1 2 3 4 5 6 |  6.7
Armour         | 5 6 7 8 9 |  9.4
Dodging        | 5 6 7 8 9 |  9.4
Fighting       | 7 8 9 10 | 10.4
Long Blades    | 7 8 9 10 | 10.4

Action                   |  1- 3 |  4- 6 |  7- 9 | 10-12 | 13-15 || total
-------------------------+-------+-------+-------+-------+-------++-------
Melee: Falchion          |    46 |       |       |    50 |       ||    96
       Bite              |    11 |    12 |    21 |    20 |     6 ||    70
       War axe           |    63 |   121 |    50 |       |       ||   234
       Punch             |     1 |     1 |     1 |       |       ||     3
       Battleaxe         |       |       |   140 |   105 |    48 ||   293
       Hand axe          |       |       |    66 |    11 |       ||    77
 Fire: Arbalest          |       |       |       |   240 |       ||   240
Throw: Stone             |     8 |       |    19 |    28 |       ||    55
Invok: Berserk           |     1 |     3 |     8 |     3 |       ||    15
       Brothers in Arms  |       |       |       |     4 |       ||     4
       Trog's Hand       |       |       |       |     4 |       ||     4
  Use: Scroll            |       |       |       |     7 |       ||     7
       Potion            |       |       |       |     3 |       ||     3
 Stab: Sleeping          |       |     2 |     4 |       |       ||     6
Armor: Animal skin       |    20 |     4 |       |       |       ||    24
       Chain mail        |       |    18 |       |       |       ||    18
       Ring mail         |       |    49 |   128 |   123 |       ||   300
       Leather armour    |       |       |       |    12 |    37 ||    49
Dodge: Dodged            |    99 |    99 |   213 |   308 |    42 ||   761
Block: Kite shield       |       |       |    29 |    10 |       ||    39

Levels and vault maps discovered:
D:1:      minmay_arrival_doors, layout_rooms,
          hellmonk_ecumenical_altar_prayer_group,
          minmay_misc_feat_secret_circle, st_stairs_9
D:2:      layout_basic
D:3:      layout_loops_ring, mainiacjoe_overflow_tiny_flanked,
          pf_just_have_faith, minmay_misc_feat_cross, minmay_close_crescents
D:4:      layout_basic, minmay_temple_entry_ruins
D:5:      layout_basic, minmay_misc_feat_iff, minmay_fractal_squares_5
D:6:      layout_layer_cave, kennysheep_little_box
D:7:      cheibrodos_quashed, layout_basic, minmay_misc_feat_roman,
          uniq_menkaure
D:8:      corexii_shantytown, layout_loops_ring, lemuel_coloured_pillars_altar,
          serial_shops, nicolae_shop_behind_doors, nicolae_shop_crystal, shop,
          shop, nicolae_shop_trees
D:9:      layout_loops_cross
D:10:     cheibrodos_histonic, layout_basic, enter_bailey_5
D:11:     layout_basic, due_lair_maze_entry_diamond, orc_david_3
Orc:1:    layout_caves, uniq_erolcha, uniq_erica
Orc:2:    st_orc_mages, layout_caves

Notes
Turn   | Place    | Note
-------+----------+-------------------------------------------
     0 | D:1      | spaghetti the Gnoll Berserker began the quest for the Orb.
     0 | D:1      | Reached XP level 1. HP: 23/23 MP: 1/1
     0 | D:1      | magus.rc [v1.9.6]
   444 | D:1      | Reached XP level 2. HP: 19/29 MP: 2/2
  1003 | D:1      | Found a faded altar of an unknown god.
  1077 | D:1      | Reached XP level 3. HP: 27/35 MP: 3/3
  1222 | D:2      | HP: 13/52 [poisoned by an adder]
  1383 | D:2      | Reached skill level 1 in Invocations
  1523 | D:2      | Reached ** piety under Trog
  1592 | D:2      | Reached skill level 1 in Short Blades
  1592 | D:2      | Reached skill level 1 in Axes
  1592 | D:2      | Reached skill level 1 in Maces & Flails
  1592 | D:2      | Reached skill level 1 in Polearms
  1592 | D:2      | Reached skill level 1 in Staves
  1592 | D:2      | Reached skill level 1 in Slings
  1592 | D:2      | Reached skill level 1 in Bows
  1592 | D:2      | Reached skill level 1 in Crossbows
  1592 | D:2      | Reached skill level 1 in Throwing
  1592 | D:2      | Reached skill level 1 in Stealth
  1592 | D:2      | Reached skill level 1 in Shields
  1592 | D:2      | Reached skill level 1 in Unarmed Combat
  1592 | D:2      | Reached skill level 1 in Spellcasting
  1592 | D:2      | Reached skill level 1 in Evocations
  1712 | D:2      | Reached XP level 4. HP: 41/41 MP: 5/5
  2267 | D:3      | Reached skill level 1 in Conjurations
  2267 | D:3      | Reached skill level 1 in Hexes
  2267 | D:3      | Reached skill level 1 in Summonings
  2267 | D:3      | Reached skill level 1 in Necromancy
  2267 | D:3      | Reached skill level 1 in Translocations
  2267 | D:3      | Reached skill level 1 in Transmutations
  2267 | D:3      | Reached skill level 1 in Fire Magic
  2267 | D:3      | Reached skill level 1 in Ice Magic
  2267 | D:3      | Reached skill level 1 in Air Magic
  2267 | D:3      | Reached skill level 1 in Earth Magic
  2267 | D:3      | Reached skill level 1 in Poison Magic
  2365 | D:3      | Reached XP level 5. HP: 47/47 MP: 6/6
  2462 | D:3      | Identified the +1 ring mail "Roakeag" {Dex+3}
  2535 | D:3      | Found a hazy altar of Hepliaklqana.
  2749 | D:3      | Found an opulent altar of Gozag.
  3165 | D:4      | Reached skill level 2 in Invocations
  3165 | D:4      | Reached XP level 6. HP: 53/53 MP: 8/8
  3304 | D:4      | Reached skill level 2 in Short Blades
  3304 | D:4      | Reached skill level 2 in Axes
  3304 | D:4      | Reached skill level 2 in Maces & Flails
  3304 | D:4      | Reached skill level 2 in Polearms
  3304 | D:4      | Reached skill level 2 in Staves
  3304 | D:4      | Reached skill level 2 in Slings
  3304 | D:4      | Reached skill level 2 in Bows
  3304 | D:4      | Reached skill level 2 in Crossbows
  3304 | D:4      | Reached skill level 2 in Throwing
  3304 | D:4      | Reached skill level 5 in Armour
  3304 | D:4      | Reached skill level 5 in Dodging
  3304 | D:4      | Reached skill level 2 in Stealth
  3304 | D:4      | Reached skill level 2 in Shields
  3304 | D:4      | Reached skill level 2 in Unarmed Combat
  3304 | D:4      | Reached skill level 2 in Spellcasting
  3304 | D:4      | Reached skill level 2 in Evocations
  3386 | D:4      | HP: 10/53 [orc priest/divine providence (12)]
  3640 | D:4      | Found a staircase to the Ecumenical Temple.
  4376 | D:5      | Entered Level 5 of the Dungeon
  4465 | D:5      | Reached XP level 7. HP: 59/59 MP: 10/10
  4496 | D:5      | Reached skill level 7 in Fighting
  4496 | D:5      | Reached skill level 7 in Long Blades
  4543 | D:5      | Reached *** piety under Trog
  4621 | D:5      | Reached skill level 2 in Conjurations
  4621 | D:5      | Reached skill level 2 in Hexes
  4621 | D:5      | Reached skill level 2 in Summonings
  4621 | D:5      | Reached skill level 2 in Necromancy
  4621 | D:5      | Reached skill level 2 in Translocations
  4621 | D:5      | Reached skill level 2 in Transmutations
  4621 | D:5      | Reached skill level 2 in Fire Magic
  4621 | D:5      | Reached skill level 2 in Ice Magic
  4621 | D:5      | Reached skill level 2 in Air Magic
  4621 | D:5      | Reached skill level 2 in Earth Magic
  4621 | D:5      | Reached skill level 2 in Poison Magic
  4835 | D:5      | Reached skill level 3 in Invocations
  5319 | D:5      | Reached XP level 8. HP: 54/66 MP: 12/12
  5417 | D:5      | Reached skill level 3 in Short Blades
  5417 | D:5      | Reached skill level 3 in Axes
  5417 | D:5      | Reached skill level 3 in Maces & Flails
  5417 | D:5      | Reached skill level 3 in Polearms
  5417 | D:5      | Reached skill level 3 in Staves
  5417 | D:5      | Reached skill level 3 in Slings
  5417 | D:5      | Reached skill level 3 in Bows
  5417 | D:5      | Reached skill level 3 in Crossbows
  5417 | D:5      | Reached skill level 3 in Throwing
  5417 | D:5      | Reached skill level 3 in Stealth
  5417 | D:5      | Reached skill level 3 in Shields
  5417 | D:5      | Reached skill level 3 in Unarmed Combat
  5417 | D:5      | Reached skill level 3 in Spellcasting
  5417 | D:5      | Reached skill level 3 in Evocations
  5956 | D:6      | Identified the +1 pair of boots of the Endless Expanse {rF-
                  | rC++ Str+3 SInv}
  6566 | D:6      | Found a shimmering blue altar of Sif Muna.
  6819 | D:7      | Noticed Menkaure
  6821 | D:7      | Killed Menkaure
  6986 | D:7      | Reached skill level 3 in Conjurations
  6986 | D:7      | Reached skill level 3 in Hexes
  6986 | D:7      | Reached skill level 3 in Summonings
  6986 | D:7      | Reached skill level 3 in Necromancy
  6986 | D:7      | Reached skill level 3 in Translocations
  6986 | D:7      | Reached skill level 3 in Transmutations
  6986 | D:7      | Reached skill level 3 in Fire Magic
  6986 | D:7      | Reached skill level 3 in Ice Magic
  6986 | D:7      | Reached skill level 3 in Air Magic
  6986 | D:7      | Reached skill level 3 in Earth Magic
  6986 | D:7      | Reached skill level 3 in Poison Magic
  6986 | D:7      | Reached skill level 4 in Invocations
  7043 | D:7      | Reached skill level 6 in Armour
  7043 | D:7      | Reached skill level 6 in Dodging
  7048 | D:7      | Reached XP level 9. HP: 49/72 MP: 14/14
  7797 | D:8      | Found Gaoqoup's Armour Boutique.
  7805 | D:8      | Reached skill level 4 in Short Blades
  7805 | D:8      | Reached skill level 4 in Axes
  7805 | D:8      | Reached skill level 4 in Maces & Flails
  7805 | D:8      | Reached skill level 4 in Polearms
  7805 | D:8      | Reached skill level 4 in Staves
  7805 | D:8      | Reached skill level 4 in Slings
  7805 | D:8      | Reached skill level 4 in Bows
  7805 | D:8      | Reached skill level 4 in Crossbows
  7805 | D:8      | Reached skill level 4 in Throwing
  7805 | D:8      | Reached skill level 4 in Stealth
  7805 | D:8      | Reached skill level 4 in Shields
  7805 | D:8      | Reached skill level 4 in Unarmed Combat
  7805 | D:8      | Reached skill level 4 in Spellcasting
  7805 | D:8      | Reached skill level 4 in Evocations
  7812 | D:8      | Reached **** piety under Trog
  8068 | D:8      | Reached skill level 8 in Fighting
  8068 | D:8      | Reached skill level 8 in Long Blades
  8095 | D:8      | Found Jearch's Distillery.
  8099 | D:8      | Found Jusomnux's Jewellery Boutique.
  8538 | D:8      | Reached skill level 5 in Invocations
  8673 | D:8      | You pick up a book of Callings {forbidden} and begin
                  | reading...
  8673 | D:8      | You add the spells Summon Small Mammal, Call Canine
                  | Familiar and Summon Guardian Golem to your library.
  8718 | D:8      | Identified the +8 falchion of Watur {venom, SInv}
  8796 | D:8      | Found Opukiuc's Antique Weapon Boutique.
  8818 | D:8      | Reached skill level 4 in Conjurations
  8818 | D:8      | Reached skill level 4 in Hexes
  8818 | D:8      | Reached skill level 4 in Summonings
  8818 | D:8      | Reached skill level 4 in Necromancy
  8818 | D:8      | Reached skill level 4 in Translocations
  8818 | D:8      | Reached skill level 4 in Transmutations
  8818 | D:8      | Reached skill level 4 in Fire Magic
  8818 | D:8      | Reached skill level 4 in Ice Magic
  8818 | D:8      | Reached skill level 4 in Air Magic
  8818 | D:8      | Reached skill level 4 in Earth Magic
  8818 | D:8      | Reached skill level 4 in Poison Magic
  8818 | D:8      | Reached XP level 10. HP: 58/80 MP: 17/17
  8827 | D:8      | Reached skill level 5 in Short Blades
  8827 | D:8      | Reached skill level 5 in Axes
  8827 | D:8      | Reached skill level 5 in Maces & Flails
  8827 | D:8      | Reached skill level 5 in Polearms
  8827 | D:8      | Reached skill level 5 in Staves
  8827 | D:8      | Reached skill level 5 in Slings
  8827 | D:8      | Reached skill level 5 in Bows
  8827 | D:8      | Reached skill level 5 in Crossbows
  8827 | D:8      | Reached skill level 5 in Throwing
  8827 | D:8      | Reached skill level 5 in Stealth
  8827 | D:8      | Reached skill level 5 in Shields
  8827 | D:8      | Reached skill level 5 in Unarmed Combat
  8827 | D:8      | Reached skill level 5 in Spellcasting
  8827 | D:8      | Reached skill level 5 in Evocations
  8837 | D:8      | Bought a pitted arbalest for 237 gold pieces
  8837 | D:8      | Identified the +4 arbalest of the Shouting Gods {elec,
                  | rPois MP-9 Stlth+} (You bought it in a shop on level 8 of
                  | the Dungeon)
  9079 | D:8      | Found Lelap's Assorted Antiques.
  9166 | D:8      | Found a shadowy altar of Dithmenos.
  9589 | D:9      | Reached skill level 7 in Armour
  9589 | D:9      | Reached skill level 7 in Dodging
 10067 | D:10     | Entered Level 10 of the Dungeon
 10072 | D:10     | Noticed a two-headed ogre
 10077 | D:10     | Killed a two-headed ogre
 10080 | D:10     | Reached skill level 6 in Invocations
 10100 | D:10     | Found a runed translucent door.
 10134 | D:10     | Noticed a two-headed ogre
 10144 | D:10     | Killed a two-headed ogre
 10159 | D:10     | Noticed a gargoyle
 10165 | D:10     | Killed a gargoyle
 10166 | D:10     | Reached XP level 11. HP: 38/87 MP: 12/19
 10316 | D:10     | Reached skill level 9 in Fighting
 10316 | D:10     | Reached skill level 6 in Short Blades
 10316 | D:10     | Reached skill level 9 in Long Blades
 10316 | D:10     | Reached skill level 6 in Axes
 10316 | D:10     | Reached skill level 6 in Maces & Flails
 10316 | D:10     | Reached skill level 6 in Polearms
 10316 | D:10     | Reached skill level 6 in Staves
 10316 | D:10     | Reached skill level 6 in Slings
 10316 | D:10     | Reached skill level 6 in Bows
 10316 | D:10     | Reached skill level 6 in Crossbows
 10316 | D:10     | Reached skill level 6 in Throwing
 10316 | D:10     | Reached skill level 6 in Stealth
 10316 | D:10     | Reached skill level 6 in Shields
 10316 | D:10     | Reached skill level 6 in Unarmed Combat
 10316 | D:10     | Reached skill level 6 in Spellcasting
 10316 | D:10     | Reached skill level 6 in Evocations
 10321 | D:10     | Reached skill level 5 in Conjurations
 10321 | D:10     | Reached skill level 5 in Hexes
 10321 | D:10     | Reached skill level 5 in Summonings
 10321 | D:10     | Reached skill level 5 in Necromancy
 10321 | D:10     | Reached skill level 5 in Translocations
 10321 | D:10     | Reached skill level 5 in Transmutations
 10321 | D:10     | Reached skill level 5 in Fire Magic
 10321 | D:10     | Reached skill level 5 in Ice Magic
 10321 | D:10     | Reached skill level 5 in Air Magic
 10321 | D:10     | Reached skill level 5 in Earth Magic
 10321 | D:10     | Reached skill level 5 in Poison Magic
 10579 | D:10     | Found a flagged portal.
 10754 | Bailey   | Entered a bailey
 10954 | Bailey   | Reached ***** piety under Trog
 11199 | Bailey   | Found the +8 Wrath of Trog {antimagic, *Rage Rampage}
 11228 | Bailey   | HP: 17/89 [centaur/javelin (10)]
 11464 | Bailey   | Identified the +1 scythe of Laegom {venom, Str+5 Stlth+}
 11670 | D:10     | Reached skill level 7 in Invocations
 11686 | D:10     | Found a runed translucent door.
 11834 | D:10     | Noticed a six-headed hydra
 11841 | D:10     | Killed a six-headed hydra
 11842 | D:10     | Reached skill level 8 in Armour
 11842 | D:10     | Reached skill level 8 in Dodging
 12333 | D:10     | Noticed a cyclops
 12576 | D:10     | Killed a cyclops
 12646 | D:10     | Noticed a five-headed hydra
 12659 | D:10     | Killed a five-headed hydra
 12725 | D:10     | Noticed a four-headed hydra
 12731 | D:10     | Killed a four-headed hydra
 12732 | D:10     | Reached XP level 12. HP: 37/96 MP: 13/22
 13031 | D:11     | Reached skill level 7 in Short Blades
 13031 | D:11     | Reached skill level 7 in Axes
 13031 | D:11     | Reached skill level 7 in Maces & Flails
 13031 | D:11     | Reached skill level 7 in Polearms
 13031 | D:11     | Reached skill level 7 in Staves
 13031 | D:11     | Reached skill level 7 in Slings
 13031 | D:11     | Reached skill level 7 in Bows
 13031 | D:11     | Reached skill level 7 in Crossbows
 13031 | D:11     | Reached skill level 7 in Throwing
 13031 | D:11     | Reached skill level 7 in Stealth
 13031 | D:11     | Reached skill level 7 in Shields
 13031 | D:11     | Reached skill level 7 in Unarmed Combat
 13031 | D:11     | Reached skill level 7 in Spellcasting
 13031 | D:11     | Reached skill level 7 in Evocations
 13454 | D:11     | Reached skill level 6 in Conjurations
 13454 | D:11     | Reached skill level 6 in Hexes
 13454 | D:11     | Reached skill level 6 in Summonings
 13454 | D:11     | Reached skill level 6 in Necromancy
 13454 | D:11     | Reached skill level 6 in Translocations
 13454 | D:11     | Reached skill level 6 in Transmutations
 13454 | D:11     | Reached skill level 6 in Fire Magic
 13454 | D:11     | Reached skill level 6 in Ice Magic
 13454 | D:11     | Reached skill level 6 in Air Magic
 13454 | D:11     | Reached skill level 6 in Earth Magic
 13454 | D:11     | Reached skill level 6 in Poison Magic
 13634 | D:11     | Noticed a two-headed ogre
 13640 | D:11     | Killed a two-headed ogre
 13641 | D:11     | Reached skill level 8 in Invocations
 14033 | D:11     | Noticed a boulder beetle
 14043 | D:11     | Killed a boulder beetle
 14044 | D:11     | Reached skill level 10 in Fighting
 14044 | D:11     | Reached skill level 10 in Long Blades
 14157 | D:11     | Found a staircase to the Lair.
 14169 | D:11     | You pick up a book of Minor Magic {forbidden} and begin
                  | reading...
 14169 | D:11     | You add the spells Magic Dart, Call Imp and Mephitic Cloud
                  | to your library.
 14378 | D:11     | Reached skill level 9 in Armour
 14378 | D:11     | Reached skill level 9 in Dodging
 14529 | D:11     | Found a staircase to the Orcish Mines.
 14530 | D:11     | Found Inoocsugu's Armour Boutique.
 14597 | D:8      | Bought the +4 Cigotuvi's embrace {rMiasma Drain rN+} for
                  | 414 gold pieces
 14597 | D:8      | Found the +4 Cigotuvi's embrace {rMiasma Drain rN+}
 14664 | Orc:1    | Entered Level 1 of the Orcish Mines
 14664 | Orc:1    | Noticed Erolcha
 14674 | Orc:1    | Killed Erolcha
 14697 | Orc:2    | Entered Level 2 of the Orcish Mines
 14697 | Orc:2    | Found a staircase to the Elven Halls.
 14707 | Orc:1    | HP: 22/97 [orc warrior/+0 short sword[an orc knight] (8)]
 14707 | Orc:1    | HP: 10/97 [orc/+0 flail (4)]
 15033 | Orc:2    | Received a gift from Trog
 15034 | Orc:2    | Reached XP level 13. HP: 103/103 MP: 8/24
 15062 | Orc:2    | Reached skill level 8 in Short Blades
 15062 | Orc:2    | Reached skill level 8 in Axes
 15062 | Orc:2    | Reached skill level 8 in Maces & Flails
 15062 | Orc:2    | Reached skill level 8 in Polearms
 15062 | Orc:2    | Reached skill level 8 in Staves
 15062 | Orc:2    | Reached skill level 8 in Slings
 15062 | Orc:2    | Reached skill level 8 in Bows
 15062 | Orc:2    | Reached skill level 8 in Crossbows
 15062 | Orc:2    | Reached skill level 8 in Throwing
 15062 | Orc:2    | Reached skill level 8 in Stealth
 15062 | Orc:2    | Reached skill level 8 in Shields
 15062 | Orc:2    | Reached skill level 8 in Unarmed Combat
 15062 | Orc:2    | Reached skill level 8 in Spellcasting
 15062 | Orc:2    | Reached skill level 8 in Evocations
 15065 | Orc:2    | HP: 37/156 [orc priest/divine providence (16)]
 15074 | Orc:2    | HP: 28/156 [orc high priest/divine providence (12)]
 15080 | Orc:2    | HP: 12/156 [orange demon[an orc high priest] (3)]
 15082 | Orc:2    | HP: 5/156 [poisoned by an orange demon]
 15084 | Orc:2    | Succumbed to an orange demon's poison

Vanquished Creatures
  A boulder beetle (D:11)
  A hydra (D:10)
  Erolcha (Orc:1)
  3 two-headed ogres
  3 orc high priests (Orc:2)
  A skeletal warrior (D:11)
  An orc knight (Orc:2)
  An orc sorcerer (Orc:2)
  5 cyclopes
  A gargoyle (D:11)
  2 komodo dragons (D:10)
  3 meliai (D:11)
  4 trolls
  A hornet (D:10)
  A shadow (D:8)
  2 vampires (D:10)
  4 wraiths
  A wyvern (D:10)
  15 yaks
  A steam dragon (D:10)
  A basilisk (D:10)
  A warg (Orc:1)
  Menkaure (D:7)
  2 vampire mosquitoes (D:10)
  2 water moccasins
  3 ice beasts
  31 orc warriors
  A sky beast (D:7)
  2 black bears (D:11)
  An ogre (Orc:1)
  14 centaurs
  3 kobold brigands
  A scorpion (D:4)
  4 bullfrogs (D:11)
  7 wights
  12 killer bees (D:8)
  3 howler monkeys
  A jelly (D:6)
  21 orc priests
  2 gnoll shamans
  5 hounds
  4 iguanas
  25 orc wizards
  5 adders
  13 gnolls
  3 shadow imps
  2 white imps
  2 ufetubi
  3 worms
  6 dart slugs
  94 orcs
  8 bats
  6 endoplasms
  3 giant cockroaches
  11 goblins
  6 hobgoblins
  5 jackals
  2 quokkas
  6 ball pythons
  2 frilled lizards
  24 kobolds
  6 rats
406 creatures vanquished.

Vanquished Creatures (collateral kills)
  2 hydras (D:10)
  A cyclops (D:11)
  A gargoyle (D:10)
  2 yaks (D:11)
  2 wraiths
  A killer bee (D:10)
  2 goblins (D:10)
11 creatures vanquished.

Vanquished Creatures (others)
  53 fungi (D:11)
  48 plants
101 creatures vanquished.

Grand Total: 518 creatures vanquished

Table legend:
 A = Non-vault XP
 B = Vault XP
 C = Vault XP percentage of total XP
 D = Non-vault monster count
 E = Vault monster count
 F = Vault count percentage of total count
                 A         B        C        D         E       F
            +---------+---------+-------+---------+---------+-------
      Total |   20918 |   16223 |  43.7 |     263 |     154 |  36.9
            +---------+---------+-------+---------+---------+-------
        D:1 |      26 |       9 |  25.7 |      16 |       4 |  20.0
        D:2 |      79 |       0 |   0.0 |      26 |       0 |   0.0
        D:3 |     125 |      17 |  12.0 |      17 |       4 |  19.0
        D:4 |     287 |       0 |   0.0 |      16 |       0 |   0.0
        D:5 |     847 |      95 |  10.1 |      39 |       5 |  11.4
        D:6 |     218 |       0 |   0.0 |      12 |       0 |   0.0
        D:7 |     809 |     169 |  17.3 |      15 |       1 |   6.2
        D:8 |    2633 |     109 |   4.0 |      26 |      23 |  46.9
        D:9 |    1003 |       0 |   0.0 |      22 |       0 |   0.0
       D:10 |    5763 |    5247 |  47.7 |      18 |      25 |  58.1
       D:11 |    7177 |    2482 |  25.7 |      24 |      15 |  38.5
      Orc:1 |     853 |     861 |  50.2 |      17 |       1 |   5.6
      Orc:2 |    1098 |    4297 |  79.6 |      15 |      30 |  66.7
     Bailey |       0 |    2937 | 100.0 |       0 |      46 | 100.0
            +---------+---------+-------+---------+---------+-------

Illustrated notes

Table legend:
 A = Kills in this place as a percentage of kills in entire the game.
 B = Kills by you in this place as a percentage of kills by you in the entire game.
 C = Kills by friends in this place as a percentage of kills by friends in the entire game.
 D = Other kills in this place as a percentage of other kills in the entire game.
 E = Experience gained in this place as a percentage of experience gained in the entire game.
 F = Experience gained in this place divided by the number of levels of this place that you have seen.
                   A       B       C       D       E      F
               +-------+-------+-------+-------+-------+----------------------
         Total | 100.0 | 100.0 | 100.0 |   N/A | 100.0 | 2652.9
       Dungeon |  73.9 |  73.2 | 100.0 |   N/A |  73.0 | 2463.2
  Orcish Mines |  15.1 |  15.5 |   0.0 |   N/A |  19.1 | 3554.5
        Bailey |  11.0 |  11.3 |   0.0 |   N/A |   7.9 | 2937.0
               +-------+-------+-------+-------+-------+----------------------

Table legend: (Time is in decaauts)
 A = Elapsed time spent in this place.
 B = Non-inter-level travel time spent in this place.
 C = Inter-level travel time spent in this place.
 D = Time resting spent in this place.
 E = Time spent auto-exploring this place.
 F = Levels seen in this place.
 G = Mean time per level.
                   A        B        C        D        E       F      G
               +--------+--------+--------+--------+--------+-----+--------+
         Total |  15651 |  15067 |    584 |   3683 |   8909 |  14 | 1117.9 |
       Dungeon |  14273 |  13716 |    557 |   3414 |   8348 |  11 | 1297.5 |
  Orcish Mines |    437 |    410 |     27 |    228 |     69 |   2 |  218.5 |
        Bailey |    940 |    940 |      0 |     41 |    491 |   1 |  940.0 |
               +--------+--------+--------+--------+--------+-----+--------+

Top non-repeatable levels by time:
    D:10: 2422 daAuts
     D:8: 1496 daAuts
     D:5: 1495 daAuts
    D:11: 1432 daAuts
     D:4: 1316 daAuts
     D:1: 1201 daAuts
     D:2: 1095 daAuts
     D:6: 1053 daAuts
     D:7: 997 daAuts
  Bailey: 940 daAuts
     D:9: 898 daAuts
     D:3: 863 daAuts
   Orc:1: 377 daAuts
   Orc:2: 60 daAuts
